 Dungeon Crawl Stone Soup version 0.30-a0-840-ga523dec638 (webtiles) character file.

Game seed: 737516569137336385

169 PLAYERX the Gusty (level 5, -4/28 HPs)
             Began as a Tengu Air Elementalist on Feb 28, 2023.
             Succumbed to an orc's poison
             ... on level 4 of the Dungeon on Mar 1, 2023.
             The game lasted 00:13:14 (3760 turns).

PLAYERX the Gusty (Tengu Air Elementalist)          Turns: 3760, Time: 00:13:15

Health: -4/28      AC:  4    Str:  8    XL:     5   Next: 50%
Magic:  10/10      EV: 15    Int: 18    God:
Gold:   160        SH:  0    Dex: 14    Spells: 8/9 levels left

rFire   . . .      SeeInvis .    a - +0 falchion
rCold   . . .      Faith    .    (no shield)
rNeg    . . .      Spirit   .    e - +0 robe
rPois   .          Reflect  .    (helmet restricted)
rElec   .          Harm     .    (no cloak)
rCorr   .          Rampage  .    h - +1 pair of gloves
Will    .....                    (boots unavailable)
Stlth   ++                       (no amulet)
HPRegen 0.24/turn                (no ring)
MPRegen 0.12/turn                (no ring)

@: lethally poisoned (-4 -> -26), flying quickly and evasively, quick
A: beak, talons 3, nimble flight
a: no special abilities


You were on level 4 of the Dungeon.
You visited 1 branch of the dungeon, and saw 4 of its levels.

You collected 160 gold pieces.

Inventory:

Hand Weapons
 a - a +0 falchion (weapon)
Armour
 e - a +0 robe (worn)
 h - a +1 pair of gloves (worn)
Jewellery
 l - a ring of ice
Scrolls
 c - a scroll of summoning {unknown}
 d - 4 scrolls of identify
 g - 2 scrolls of teleportation
Potions
 b - a potion of magic
 k - a potion of mutation


   Skills:
 + Level 0.2 Fighting
 + Level 1.3 Long Blades
 + Level 3.0 Dodging
 + Level 2.9 Stealth
 + Level 2.8 Spellcasting
 + Level 3.2 Conjurations
 + Level 4.9 Air Magic


You had 8 spell levels left.
You knew the following spells:

 Your Spells              Type           Power      Damage    Failure   Level
a - Shock                 Conj/Air       68%        1d7       3%          1

Your spell library contained the following spells:

 Spells                   Type           Power      Damage    Failure   Level
 Static Discharge         Conj/Air       34%        2-4/arc   4%          2
 Swiftness                Air            20%        N/A       7%          3
 Airstrike                Air            10%        2d(2-18)  22%         4


Dungeon Overview and Level Annotations

Branches:
Dungeon (4/15)
 Temple: D:4-7

Altars:
Uskayaw

Shops:
D:2 :

Annotations:
D:4 2 transporters, Airmonger's ghost, amateur HOFi


Innate Abilities, Weirdness & Mutations

You have a beak for a mouth.
You have claws for feet.
Your magical nature lets you fly swiftly and evasively.


Message History

An ufetubus comes into view.
An orc comes into view. It is wielding a +0 short sword.
An orc comes into view. It is wielding a +0 trident.
An orc and an iguana come into view.
The orc shouts!
An orc comes into view. It is wielding a +0 club.
The orc hits you with a +1 flail of venom.
You are poisoned.
There is a transporter here.
The orc shouts!
You hit the orc.
The orc is heavily wounded.
You feel very sick.
You hear an angry hiss.
An orc comes into view. It is wielding a +0 whip.
The orc misses you.
The orc hits you with a +1 flail of venom.
You are more poisoned.
You barely miss the orc.
The orc shouts!
Your peck misses the orc.
The orc is heavily wounded.
You feel very sick.
A hound comes into view.
You barely miss the orc.
The orc is heavily wounded.
You feel very sick. The ufetubus barely misses you. The ufetubus hits you.
A ball python comes into view.
The orc hits you with a +1 flail of venom!
* * * LOW HITPOINT WARNING * * *
You are more poisoned.
The orc misses you.
A hobgoblin comes into view.
The ufetubus misses you. x2; The ball python moves out of view.
You closely miss the orc.
The hobgoblin shouts!
You claw the orc. Your peck misses the orc.
The orc is heavily wounded.
You die...

##.........##
########...#####
##........
##...#######
#....#©.....
#..#..#..##.
#..##..#O#..#
...# #..#O#..#
...# #o@#W.##.
#.. #..5o#$....©
#. #.#oo#.?##..
...o..#.#.. .
.....h..#.#..#
...o....#.. #..
≈.......#... ..
.g.....#####


You could see 2 ogres, a hound, Airmonger's ghost, 6 orcs, an ufetubus and a
hobgoblin.

Vanquished Creatures
  A scorpion (D:4)
  3 adders
  2 worms (D:2)
  3 dart slugs (D:1)
  6 endoplasms
  3 giant cockroaches
  2 goblins
  4 hobgoblins
  4 jackals (D:3)
  8 kobolds
  6 quokkas
  6 ball pythons
  8 bats
  6 frilled lizards
  7 rats
69 creatures vanquished.

Vanquished Creatures (others)
  4 plants
4 creatures vanquished.

Grand Total: 73 creatures vanquished

Notes
Turn   | Place    | Note
-------+----------+-------------------------------------------
     0 | D:1      | PLAYERX the Tengu Air Elementalist began the quest for the
                  | Orb.
     0 | D:1      | Reached XP level 1. HP: 10/10 MP: 4/4
   212 | D:1      | Reached XP level 2. HP: 14/15 MP: 6/6
   633 | D:1      | Reached XP level 3. HP: 19/19 MP: 0/7
  1402 | D:2      | Found a faded altar of an unknown god.
  1525 | D:2      | Reached XP level 4. HP: 21/24 MP: 2/8
  1710 | D:2      | Found Taisoc's Book Emporium.
  3601 | D:4      | Found a hide-covered altar of Uskayaw.
  3602 | D:4      | Noticed a scorpion
  3610 | D:4      | Killed a scorpion
  3611 | D:4      | Reached skill level 1 in Long Blades
  3611 | D:4      | Gained mutation: Your magical nature lets you fly swiftly
                  | and evasively. [Tengu growth]
  3611 | D:4      | Reached XP level 5. HP: 22/28 MP: 4/10
  3661 | D:4      | Upgraded the game from 0.30-a0-830-gfe289a77b0 to
                  | 0.30-a0-840-ga523dec638
  3743 | D:4      | Found a transporter.
  3747 | D:4      | Noticed an ogre
  3748 | D:4      | Found a transporter.
  3748 | D:4      | Noticed an ogre
  3749 | D:4      | Noticed Airmonger's ghost (amateur HOFi)
  3759 | D:4      | HP: 1/28 [orc/+1 flail of venom (9)]
  3760 | D:4      | Succumbed to an orc's poison

Illustrated notes

Levels and vault maps discovered:
D:1:      dpeg_arrival_signposts, layout_rooms, serial_forest,
          infiniplex_forest_lined_2, infiniplex_forest_clump_curved,
          infiniplex_forest_clump_tiny, infiniplex_forest_zigzag_1,
          infiniplex_forest_straight_1, infiniplex_forest_lined_3,
          infiniplex_forest_lined_3_way, infiniplex_forest_clump_long,
          infiniplex_forest_clump_long, dreamdust_princess_bridge
D:2:      layout_basic, dreamdust_ecumenical_altar_grove, serial_shops, shop,
          st_stairs_1
D:3:      layout_basic
D:4:      minmay_chambers_of_threes, layout_layer_cave,
          mainiacjoe_overflow_tiny_flanked, gammafunk_ghost_smash,
          kennysheep_decorative_pillar

Skill      XL: |  1  2  3  4 |
---------------+-------------+-----
Conjurations   | 2 3 |  3.2
Dodging        | 3 |  3.0
Long Blades    | 1 |  1.3
Fighting       | |  0.2
Stealth        | |  2.9
Spellcasting   | |  2.8
Air Magic      | |  4.9

Action                     |  1- 3 |  4- 6 || total
---------------------------+-------+-------++-------
  Melee: Unarmed           |     9 |       ||     9
         Kick              |    16 |     5 ||    21
         Falchion          |    40 |    23 ||    63
         Peck              |     8 |     2 ||    10
   Cast: Shock             |    53 |    57 ||   110
    Use: Scroll            |       |     8 ||     8
   Stab: Sleeping          |     7 |     1 ||     8
 Armour: Robe              |    20 |     6 ||    26
  Dodge: Dodged            |    39 |    27 ||    66

Table legend: (Time is in decaauts)
 A = Elapsed time spent in this place.
 B = Non-inter-level travel time spent in this place.
 C = Inter-level travel time spent in this place.
 D = Time resting spent in this place.
 E = Time spent auto-exploring this place.
 F = Levels seen in this place.
 G = Mean time per level.
                   A        B        C        D        E       F      G
               +--------+--------+--------+--------+--------+-----+--------+
         Total |   3768 |   3768 |      0 |    508 |   2428 |   4 |  942.0 |
       Dungeon |   3768 |   3768 |      0 |    508 |   2428 |   4 |  942.0 |
               +--------+--------+--------+--------+--------+-----+--------+

Top non-repeatable levels by time:
     D:2: 1220 daAuts
     D:3: 1179 daAuts
     D:1: 1084 daAuts
     D:4: 283 daAuts
